 Dungeon Crawl Stone Soup version 0.30-a0-169-g06f667207d (webtiles) character file.

Game seed: 6752706733096882975

5693 qw the Cleaver (level 10, 64/64 HPs)
             Began as a Gargoyle Fighter on Sept 29, 2022.
             Quit the game on level 9 of the Dungeon.
             The game lasted 00:10:12 (8582 turns).

qw the Cleaver (Gargoyle Fighter)                   Turns: 8582, Time: 00:10:12

Health: 64/64      AC: 22    Str: 25    XL:     10   Next: 76%
Magic:  10/10      EV: 26    Int:  8    God:
Gold:   291        SH: 12    Dex: 10    Spells: 9/9 levels left

rFire   . . .      SeeInvis +    Y - +6 war axe
rCold   + + +      Faith    .    e - +2 kite shield {rC+}
rNeg    + . .      Spirit   .    n - +0 chain mail
rPois   inf        Reflect  .    w - +1 helmet of Poyta {SInv}
rElec   +          Harm     .    b - +0 cloak of Fytigof {rC++ Will+ Regen+ Dex-5}
rCorr   .          Rampage  .    (no gloves)
Will    +....                    m - +0 pair of boots
Stlth   ..........               q - amulet of the acrobat
HPRegen 1.00/turn                i - +4 ring of evasion
MPRegen 0.12/turn                j - +6 ring of dexterity

@: acrobatic
A: sickness immunity, AC +7, negative energy resistance 1, electricity
resistance, torment resistance 1, petrification resistance
a: no special abilities


You were on level 9 of the Dungeon.
You visited 2 branches of the dungeon, and saw 10 of its levels.

You collected 508 gold pieces.
You spent 217 gold pieces at shops.


Innate Abilities, Weirdness & Mutations

You are immune to sickness and miasma.
Your stone body is resilient. (AC +7)
You are immune to poison.
You resist negative energy. (rN+)
You are resistant to electric shocks. (rElec)
You are resistant to unholy torment.
You are immune to petrification.


   Skills:
 - Level 8.0 Fighting
 + Level 10.0 Axes
 - Level 1.0 Throwing
 - Level 6.0 Armour
 - Level 2.1 Dodging
 - Level 9.1 Shields


You had 9 spell levels left.
You didn't know any spells.
Your spell library was empty.

Inventory:

Hand Weapons
 g - a +0 flail
 Y - a +6 war axe (weapon)
Missiles
 l - 3 boomerangs (quivered)
Armour
 b - the +0 cloak of Fytigof (worn) {rC++ Will+ Regen+ Dex-5}
   (You acquired it on level 3 of the Dungeon)

   Dex:       It affects your dexterity (-5).
   rC:        It greatly protects you from cold.
   Regen:     It increases your rate of health regeneration.
   Will:      It increases your willpower.
 e - a +2 kite shield of cold resistance (worn)
 m - a +0 pair of boots (worn)
 n - a +0 chain mail (worn)
 w - the +1 helmet of Poyta (worn) {SInv}
   (You found it on level 9 of the Dungeon)

   SInv:      It lets you see invisible.
Jewellery
 i - a +4 ring of evasion (left hand)
 j - a +6 ring of dexterity (right hand)
 q - an amulet of the acrobat (around neck)
 u - a ring of protection from fire
Scrolls
 f - 3 scrolls of identify
Potions
 a - a potion of mutation
 c - a potion of lignification
 d - a potion of might
 h - a potion of heal wounds
 o - 3 potions of haste
 r - 3 potions of attraction
 s - 5 potions of curing
 t - 2 potions of cancellation

Dungeon Overview and Level Annotations

Branches:
Dungeon (9/15)             Temple (1/1) D:7
   Lair: D:8-11         Orc: D:9-12

Altars:
Ashenzari
Cheibriados
Dithmenos
Elyvilon
Fedhas
Gozag
Hepliaklqana
Kikubaaqudgha
Makhleb
Nemelex Xobeh
Okawaru
Qazlal
Ru
Sif Muna
Trog
Uskayaw
Vehumet
Wu Jian
Xom
Yredelemnul
Zin

Shops:
D:1 (   D:5 =   D:9 *

Annotations:
D:7 2 runed translucent doors, qw's ghost, novice GrFi


Message History

Sorry, I don't know how to get there.
Sorry, I don't know how to get there.
8569 ||| Stepping randomly (stuck).
Sorry, I don't know how to get there.
Sorry, I don't know how to get there.
8570 ||| Stepping randomly (stuck).
Sorry, I don't know how to get there.
Sorry, I don't know how to get there.
8571 ||| Stepping randomly (stuck).
Sorry, I don't know how to get there.
Sorry, I don't know how to get there.
8572 ||| Stepping randomly (stuck).
Sorry, I don't know how to get there.
Sorry, I don't know how to get there.
8573 ||| Stepping randomly (stuck).
Sorry, I don't know how to get there.
Sorry, I don't know how to get there.
8574 ||| Stepping randomly (stuck).
Sorry, I don't know how to get there.
Sorry, I don't know how to get there.
8575 ||| Stepping randomly (stuck).
Sorry, I don't know how to get there.
Sorry, I don't know how to get there.
8576 ||| Stepping randomly (stuck).
Sorry, I don't know how to get there.
Sorry, I don't know how to get there.
8577 ||| Stepping randomly (stuck).
Sorry, I don't know how to get there.
Sorry, I don't know how to get there.
8578 ||| Stepping randomly (stuck).
Sorry, I don't know how to get there.
Sorry, I don't know how to get there.
8579 ||| Stepping randomly (stuck).
Sorry, I don't know how to get there.
Sorry, I don't know how to get there.
8580 ||| Stepping randomly (stuck).
Sorry, I don't know how to get there.
Sorry, I don't know how to get there.
8581 ||| Stepping randomly (stuck).
Are you sure you want to abandon this character and quit the game? (Confirm with "yes".)

#....#########..# ##...# #..#
##>.# #..# #..# #..# #.# #..#
#..# # #.# #..# #..# # #.#
#..# #..# # #.# #..# #..# #
#.# #.@# #..# # #. #.# #..#
#..# #
#..###.#####.)#########..# #
#........................#####
#..........................)..
##############################


There were no monsters in sight!

Vanquished Creatures
  Pikel (D:7)
  A troll (D:9)
  Eustachio (D:4)
  Grum (D:8)
  4 yaks (D:5)
  An acid dragon (D:9)
  2 water moccasins
  Duvessa (D:6)
  A black bear (D:6)
  2 ogres
  An orc warrior (D:9)
  A sky beast (D:8)
  A hornet zombie (D:6)
  An ice beast (D:6)
  3 wolves (D:8)
  2 centaurs
  A lemure (D:7)
  2 phantoms
  5 kobold brigands
  Blork the orc (D:4)
  A bullfrog (D:6)
  2 necrophages
  A scorpion (D:4)
  9 wights
  Dowan (D:6)
  5 jellies
  2 howler monkeys (D:7)
  4 bullfrog zombies (D:6)
  4 hounds
  A human zombie (D:6)
  3 orc priests (D:9)
  4 iguanas
  Ijyb (D:4)
  3 orc wizards
  A killer bee zombie (D:6)
  2 mummies (D:6)
  2 howler monkey zombies (D:6)
  7 adders
  3 shadow imps
  4 white imps
  2 worms
  2 dart slugs (D:1)
  13 orcs
  6 ball pythons
  6 endoplasms
  5 giant cockroaches
  12 goblins
  14 hobgoblins
  4 jackals (D:1)
  28 kobolds
  6 quokkas
  15 bats
  8 frilled lizards
  3 rats
  A butterfly (D:7)
218 creatures vanquished.

Vanquished Creatures (others)
  Maurice (D:8)
  7 plants
8 creatures vanquished.

Grand Total: 226 creatures vanquished

Notes
Turn   | Place    | Note
-------+----------+-------------------------------------------
     0 | D:1      | qw the Gargoyle Fighter began the quest for the Orb.
     0 | D:1      | Reached XP level 1. HP: 14/14 MP: 1/1
     0 | D:1      | 0 ||| qw: Version: 0.2-a-12-gaebbb33
     0 | D:1      | 0 ||| qw: Game counter: 1357
     0 | D:1      | 0 ||| qw: Always use a shield: true
     0 | D:1      | 0 ||| qw: God list: Okawaru
     0 | D:1      | 0 ||| qw: Allow faded altars: false
     0 | D:1      | 0 ||| qw: Do Orc after D:15 true
     0 | D:1      | 0 ||| qw: Do second Lair branch before Depths: true
     0 | D:1      | 0 ||| qw: Lair rune preference: random
     0 | D:1      | 0 ||| qw: Plans: Normal, Zot:1-4, God:TSO, Crypt, Tomb,
                  | Pan, Slime:5, Hells, Abyss, Orb
     0 | D:1      | 0 ||| PLANNING D:1-11
   117 | D:1      | Reached skill level 2 in Axes
   234 | D:1      | Reached XP level 2. HP: 19/19 MP: 2/2
   358 | D:1      | Found Kovomoox's Antique Weapon Shoppe.
   366 | D:1      | 366 ||| SHOPLISTING runed morningstar (175 gold, have 5).
   619 | D:1      | 619 ||| Stepping ~*~*~tactically~*~*~ (stealth).
   625 | D:1      | Reached skill level 3 in Axes
   627 | D:1      | 627 ||| DROPPING +0 club.
   714 | D:1      | Reached XP level 3. HP: 22/23 MP: 3/3
   737 | D:1      | 737 ||| Stepping ~*~*~tactically~*~*~ (hiding).
   942 | D:1      | 942 ||| Stepping ~*~*~tactically~*~*~ (stealth).
  1001 | D:1      | 1001 ||| UPGRADING to +0 helmet.
  1006 | D:1      | 1006 ||| READING scroll labelled ECACYGEITS.
  1007 | D:1      | 1007 ||| READING 2 scrolls labelled UDY NACOFRIUGH.
  1008 | D:1      | 1008 ||| READING scroll labelled GIUN TOAMAEFU.
  1012 | D:1      | 1012 ||| READING scroll labelled WUUNGOTOEH.
  1013 | D:1      | 1013 ||| DRINKING 2 viscous clear potions.
  1187 | D:2      | 1187 ||| DROPPING +0 whip.
  1557 | D:2      | 1557 ||| Stepping ~*~*~tactically~*~*~ (stealth).
  1604 | D:2      | 1604 ||| READING scroll of enchant weapon.
  1604 | D:2      | 1604 ||| ENCHANTING +1 war axe.
  1683 | D:2      | Reached skill level 1 in Throwing
  1690 | D:2      | Reached XP level 4. HP: 28/28 MP: 4/4
  1982 | D:2      | 1982 ||| UPGRADING to +4 ring of evasion.
  1983 | D:2      | 1983 ||| READING scroll labelled ZUSUMI SAFEGI.
  2084 | D:2      | 2084 ||| READING scroll labelled RESOPEOXEGE.
  2139 | D:2      | 2139 ||| READING scroll labelled TAADGH MOALOMN.
  2223 | D:3      | Found a faded altar of an unknown god.
  2262 | D:3      | Noticed a phantom
  2271 | D:3      | Killed a phantom
  2272 | D:3      | Reached skill level 4 in Axes
  2272 | D:3      | Reached XP level 5. HP: 26/32 MP: 5/5
  2411 | D:3      | 2411 ||| READING scroll of enchant weapon.
  2411 | D:3      | 2411 ||| ENCHANTING +2 war axe.
  2573 | D:3      | 2573 ||| Stepping ~*~*~tactically~*~*~ (stealth).
  2575 | D:3      | 2575 ||| Stepping ~*~*~tactically~*~*~ (stealth).
  2578 | D:3      | 2578 ||| Stepping ~*~*~tactically~*~*~ (stealth).
  2612 | D:3      | 2612 ||| Stepping ~*~*~tactically~*~*~ (stealth).
  2998 | D:3      | Reached skill level 5 in Axes
  3018 | D:3      | Found a hazy altar of Hepliaklqana.
  3055 | D:3      | 3055 ||| UPGRADING to +0 chain mail.
  3065 | D:3      | 3065 ||| DROPPING +0 scale mail.
  3066 | D:3      | 3066 ||| READING scroll labelled UDOIFR WIRIL.
  3066 | D:3      | Identified a scroll of acquirement
  3066 | D:3      | 3066 ||| ACQUIRING +0 cloak of Fytigof {rC++ Will+ Regen+
                  | Dex-5}
  3066 | D:3      | Acquired the +0 cloak of Fytigof {rC++ Will+ Regen+ Dex-5}
  3068 | D:3      | 3068 ||| UPGRADING to +0 cloak of Fytigof {rC++ Will+
                  | Regen+ Dex-5}.
  3073 | D:3      | 3073 ||| DRINKING 2 viscous red potions.
  3074 | D:3      | 3074 ||| READING 2 scrolls of identify.
  3074 | D:3      | 3074 ||| IDENTIFYING metallic puce potion
  3075 | D:3      | 3075 ||| DROPPING potion of flight.
  3102 | D:4      | 3102 ||| READING scroll of acquirement.
  3102 | D:4      | 3102 ||| ACQUIRING +2 kite shield of cold resistance
  3102 | D:4      | Acquired a +2 kite shield of cold resistance
  3104 | D:4      | 3104 ||| UPGRADING to +2 kite shield of cold resistance.
  3114 | D:4      | 3114 ||| DROPPING +0 buckler.
  3151 | D:4      | Reached XP level 6. HP: 37/37 MP: 6/6
  3170 | D:4      | Noticed Ijyb
  3176 | D:4      | Killed Ijyb
  3186 | D:4      | 3186 ||| Stepping ~*~*~tactically~*~*~ (stealth).
  3299 | D:4      | 3299 ||| READING scroll of enchant weapon.
  3299 | D:4      | 3299 ||| ENCHANTING +3 war axe.
  3410 | D:4      | Noticed Eustachio
  3420 | D:4      | 3420 ||| FLEEEEING.
  3421 | D:4      | 3421 ||| FLEEEEING.
  3436 | D:4      | Killed Eustachio
  3437 | D:4      | Reached skill level 6 in Shields
  3437 | D:4      | Reached XP level 7. HP: 41/41 MP: 7/7
  3498 | D:4      | Noticed Blork the orc
  3512 | D:4      | Killed Blork the orc
  3582 | D:4      | 3582 ||| Stepping ~*~*~tactically~*~*~ (stealth).
  3954 | D:4      | 3954 ||| UPGRADING to +6 ring of dexterity.
  3955 | D:4      | 3955 ||| READING scroll labelled YWUHUL QOOSTA.
  3956 | D:4      | 3956 ||| READING scroll labelled VUCYXT MUEGAEM.
  3957 | D:4      | 3957 ||| READING scroll labelled YWNUEC KYUTHU.
  3958 | D:4      | 3958 ||| READING 4 scrolls of identify.
  3958 | D:4      | 3958 ||| IDENTIFYING bubbling puce potion
  3959 | D:4      | 3959 ||| READING 3 scrolls of identify.
  3959 | D:4      | 3959 ||| IDENTIFYING murky grey potion
  3960 | D:4      | 3960 ||| READING 2 scrolls of identify.
  3960 | D:4      | 3960 ||| IDENTIFYING metallic amethyst potion
  3961 | D:4      | 3961 ||| DROPPING potion of degeneration.
  3962 | D:4      | 3962 ||| DROPPING potion of magic.
  3987 | D:5      | Entered Level 5 of the Dungeon
  4005 | D:5      | Noticed a yak
  4006 | D:5      | Noticed a yak
  4007 | D:5      | 4007 ||| Stepping ~*~*~tactically~*~*~ (stealth).
  4008 | D:5      | 4008 ||| Stepping ~*~*~tactically~*~*~ (stealth).
  4008 | D:5      | Noticed a yak
  4009 | D:5      | 4009 ||| Stepping ~*~*~tactically~*~*~ (stealth).
  4012 | D:5      | Noticed a yak
  4019 | D:5      | Killed a yak
  4020 | D:5      | Reached skill level 6 in Axes
  4020 | D:5      | Reached XP level 8. HP: 48/48 MP: 8/8
  4027 | D:5      | Killed a yak
  4033 | D:5      | Killed a yak
  4044 | D:5      | Killed a yak
  4045 | D:5      | Reached skill level 7 in Axes
  4138 | D:5      | 4138 ||| Stepping ~*~*~tactically~*~*~ (hiding).
  4141 | D:5      | 4141 ||| Stepping ~*~*~tactically~*~*~ (hiding).
  4143 | D:5      | 4143 ||| Stepping ~*~*~tactically~*~*~ (hiding).
  4335 | D:5      | 4335 ||| READING scroll of enchant armour.
  4335 | D:5      | 4335 ||| ENCHANTING +0 helmet.
  4389 | D:5      | 4389 ||| Stepping ~*~*~tactically~*~*~ (water).
  4415 | D:5      | Found Urho's Jewellery Shoppe.
  4418 | D:5      | 4418 ||| SHOPLISTING amulet of the acrobat (390 gold, have
                  | 247).
  4418 | D:5      | 4418 ||| SHOPLISTING brooch of Shielding {Spirit SH+8} (845
                  | gold, have 247).
  4418 | D:5      | 4418 ||| SHOPLISTING ring "Weto" {+Blink Will++ SInv} (559
                  | gold, have 247).
  4418 | D:5      | 4418 ||| SHOPLISTING ring of Sietsa {rF+ rN+} (442 gold,
                  | have 247).
  4418 | D:5      | 4418 ||| SHOPLISTING ring of protection from cold (325
                  | gold, have 247).
  4418 | D:5      | 4418 ||| SHOPLISTING ring of protection from fire (325
                  | gold, have 247).
  4754 | D:5      | 4754 ||| UPGRADING to +0 pair of boots.
  4759 | D:5      | 4759 ||| UPGRADING to amulet of the acrobat.
  4764 | D:5      | 4764 ||| READING scroll labelled ANWUEB IT CUFAMET.
  4765 | D:5      | 4765 ||| DRINKING 3 amethyst potions.
  4766 | D:5      | 4766 ||| READING 3 scrolls of identify.
  4766 | D:5      | 4766 ||| IDENTIFYING fizzy emerald potion
  4794 | D:6      | Noticed Duvessa
  4794 | D:6      | Noticed Dowan
  4809 | D:6      | Killed Dowan
  4818 | D:6      | Killed Duvessa
  4896 | D:6      | Reached XP level 9. HP: 54/54 MP: 9/9
  5130 | D:6      | 5130 ||| Stepping ~*~*~tactically~*~*~ (stealth).
  5145 | D:6      | Reached skill level 8 in Axes
  5157 | D:6      | 5157 ||| Stepping ~*~*~tactically~*~*~ (stealth).
  5158 | D:6      | 5158 ||| Stepping ~*~*~tactically~*~*~ (stealth).
  5159 | D:6      | 5159 ||| Stepping ~*~*~tactically~*~*~ (stealth).
  5160 | D:6      | 5160 ||| Stepping ~*~*~tactically~*~*~ (stealth).
  5161 | D:6      | 5161 ||| Stepping ~*~*~tactically~*~*~ (stealth).
  5207 | D:6      | 5207 ||| READING scroll of enchant weapon.
  5207 | D:6      | 5207 ||| ENCHANTING +4 war axe.
  5292 | D:6      | 5292 ||| Stepping ~*~*~tactically~*~*~ (hiding).
  5293 | D:6      | 5293 ||| Stepping ~*~*~tactically~*~*~ (hiding).
  5319 | D:6      | Reached skill level 6 in Fighting
  5325 | D:6      | Identified the +4 ring mail of Itigg {Rampage *Corrode
                  | rElec}
  5379 | D:6      | Found an ancient bone altar of Kikubaaqudgha.
  5798 | D:6      | 5798 ||| DROPPING +4 ring mail of Itigg {Rampage *Corrode
                  | rElec}.
  5816 | D:7      | Noticed qw's ghost (novice GrFi)
  5816 | D:7      | Found a large runed translucent door.
  5816 | D:7      | Found a large runed translucent door.
  5818 | D:7      | Noticed Pikel
  5818 | D:7      | 5818 ||| Stepping ~*~*~tactically~*~*~ (stealth).
  5823 | D:7      | 5823 ||| Stepping ~*~*~tactically~*~*~ (hiding).
  5833 | D:7      | Killed Pikel
  5834 | D:7      | Reached skill level 9 in Axes
  5837 | D:7      | 5837 ||| Stepping ~*~*~tactically~*~*~ (stealth).
  5843 | D:7      | 5843 ||| Stepping ~*~*~tactically~*~*~ (stealth).
  5847 | D:7      | 5847 ||| Stepping ~*~*~tactically~*~*~ (stealth).
  5850 | D:7      | 5850 ||| Stepping ~*~*~tactically~*~*~ (stealth).
  5851 | D:7      | 5851 ||| Stepping ~*~*~tactically~*~*~ (stealth).
  5854 | D:7      | 5854 ||| Stepping ~*~*~tactically~*~*~ (stealth).
  5876 | D:7      | Reached XP level 10. HP: 60/60 MP: 10/10
  5902 | D:7      | Found a broken altar of Ashenzari.
  5976 | D:7      | 5976 ||| Stepping ~*~*~tactically~*~*~ (stealth).
  5977 | D:7      | 5977 ||| Stepping ~*~*~tactically~*~*~ (stealth).
  5994 | D:7      | 5994 ||| READING scroll of enchant weapon.
  5994 | D:7      | 5994 ||| ENCHANTING +5 war axe.
  6057 | D:7      | Found a flagged portal.
  6175 | D:7      | Identified the +2 robe "Yhahywn" {rElec Str+8 Dex-2}
  6181 | D:7      | Found a staircase to the Ecumenical Temple.
  6182 | D:7      | 6182 ||| PLANNING TEMPLE
  6182 | D:7      | 6182 ||| DROPPING +2 cloak.
  6183 | D:7      | 6183 ||| READING 2 scrolls of identify.
  6183 | D:7      | 6183 ||| IDENTIFYING puce potion
  6189 | Temple   | Entered the Ecumenical Temple
  6348 | Temple   | 6348 ||| PLANNING D:1-11
  6366 | D:7      | 6366 ||| Stepping ~*~*~tactically~*~*~ (stealth).
  6367 | D:7      | 6367 ||| Stepping ~*~*~tactically~*~*~ (stealth).
  6418 | D:7      | 6418 ||| Stepping ~*~*~tactically~*~*~ (stealth).
  6448 | D:7      | 6448 ||| Stepping ~*~*~tactically~*~*~ (stealth).
  6637 | D:8      | Noticed Maurice
  6666 | D:8      | Killed Maurice
  6771 | D:8      | 6771 ||| Stepping ~*~*~tactically~*~*~ (stealth).
  6774 | D:8      | 6774 ||| Stepping ~*~*~tactically~*~*~ (stealth).
  6776 | D:8      | 6776 ||| Stepping ~*~*~tactically~*~*~ (hiding).
  6785 | D:8      | Reached skill level 9 in Shields
  6799 | D:8      | 6799 ||| Stepping ~*~*~tactically~*~*~ (stealth).
  6873 | D:8      | Noticed Grum
  6874 | D:8      | 6874 ||| Stepping ~*~*~tactically~*~*~ (hiding).
  6879 | D:8      | 6879 ||| Stepping ~*~*~tactically~*~*~ (hiding).
  6893 | D:8      | Killed Grum
  6894 | D:8      | Reached skill level 10 in Axes
  6957 | D:8      | 6957 ||| Stepping ~*~*~tactically~*~*~ (hiding).
  7273 | D:9      | 7273 ||| FLEEEEING.
  7274 | D:9      | 7274 ||| FLEEEEING.
  7275 | D:9      | 7275 ||| FLEEEEING.
  7276 | D:9      | 7276 ||| FLEEEEING.
  7277 | D:9      | 7277 ||| FLEEEEING.
  7278 | D:9      | 7278 ||| FLEEEEING.
  7279 | D:9      | 7279 ||| FLEEEEING.
  7280 | D:9      | 7280 ||| FLEEEEING.
  7281 | D:9      | 7281 ||| FLEEEEING.
  7282 | D:9      | 7282 ||| FLEEEEING.
  7283 | D:9      | 7283 ||| FLEEEEING.
  7418 | D:9      | 7418 ||| Stepping ~*~*~tactically~*~*~ (stealth).
  7432 | D:9      | Reached skill level 6 in Armour
  7453 | D:9      | Identified the +1 helmet of Poyta {SInv}
  7456 | D:9      | Found Bulituni's Assorted Antiques.
  7464 | D:9      | 7464 ||| BUYING 2 scrolls of identify (124 gold).
  7464 | D:9      | Bought 2 scrolls of identify for 124 gold pieces
  7464 | D:9      | 7464 ||| SHOPLISTING plate armour (713 gold, have 384).
  7464 | D:9      | 7464 ||| BUYING potion of curing (93 gold).
  7464 | D:9      | Bought a potion of curing for 93 gold pieces
  7464 | D:9      | 7464 ||| SHOPLISTING potion of haste (310 gold, have 291).
  7495 | D:9      | Found an iron altar of Okawaru.
  7496 | D:9      | 7496 ||| PLANNING OKAWARU WORSHIP
  7496 | D:9      | 7496 ||| UPGRADING to +1 helmet of Poyta {SInv}.
  7506 | D:9      | 7506 ||| DROPPING +1 helmet.
  7507 | D:9      | 7507 ||| READING scroll labelled MODUOM FARCHOUWK.
  7508 | D:9      | 7508 ||| READING 5 scrolls of teleportation.
  7511 | D:9      | 7511 ||| READING 4 scrolls of teleportation.
  7516 | D:9      | 7516 ||| READING 3 scrolls of teleportation.
  7530 | D:9      | 7530 ||| READING 2 scrolls of teleportation.
  7548 | D:9      | 7548 ||| READING scroll of teleportation.
  7551 | D:9      | 7551 ||| Stepping randomly (stuck).
  7552 | D:9      | 7552 ||| Stepping randomly (stuck).
  7553 | D:9      | 7553 ||| Stepping randomly (stuck).
  7554 | D:9      | 7554 ||| Stepping randomly (stuck).
  7555 | D:9      | 7555 ||| Stepping randomly (stuck).
  7556 | D:9      | 7556 ||| Stepping randomly (stuck).
  7557 | D:9      | 7557 ||| Stepping randomly (stuck).
  7558 | D:9      | 7558 ||| Stepping randomly (stuck).
  7559 | D:9      | 7559 ||| Stepping randomly (stuck).
  7560 | D:9      | 7560 ||| Stepping randomly (stuck).
  7561 | D:9      | 7561 ||| Stepping randomly (stuck).
  7562 | D:9      | 7562 ||| Stepping randomly (stuck).
  7563 | D:9      | 7563 ||| Stepping randomly (stuck).
  7564 | D:9      | 7564 ||| Stepping randomly (stuck).
  7565 | D:9      | 7565 ||| Stepping randomly (stuck).
  7566 | D:9      | 7566 ||| Stepping randomly (stuck).
  7567 | D:9      | 7567 ||| Stepping randomly (stuck).
  7568 | D:9      | 7568 ||| Stepping randomly (stuck).
  7569 | D:9      | 7569 ||| Stepping randomly (stuck).
  7570 | D:9      | 7570 ||| Stepping randomly (stuck).
  7571 | D:9      | 7571 ||| Stepping randomly (stuck).
  7572 | D:9      | 7572 ||| Stepping randomly (stuck).
  7573 | D:9      | 7573 ||| Stepping randomly (stuck).
  7574 | D:9      | 7574 ||| Stepping randomly (stuck).
  7575 | D:9      | 7575 ||| Stepping randomly (stuck).
  7576 | D:9      | 7576 ||| Stepping randomly (stuck).
  7577 | D:9      | 7577 ||| Stepping randomly (stuck).
  7578 | D:9      | 7578 ||| Stepping randomly (stuck).
  7579 | D:9      | 7579 ||| Stepping randomly (stuck).
  7580 | D:9      | 7580 ||| Stepping randomly (stuck).
  7581 | D:9      | 7581 ||| Stepping randomly (stuck).
  7582 | D:9      | 7582 ||| Stepping randomly (stuck).
  7583 | D:9      | 7583 ||| Stepping randomly (stuck).
  7584 | D:9      | 7584 ||| Stepping randomly (stuck).
  7585 | D:9      | 7585 ||| Stepping randomly (stuck).
  7586 | D:9      | 7586 ||| Stepping randomly (stuck).
  7587 | D:9      | 7587 ||| Stepping randomly (stuck).
  7588 | D:9      | 7588 ||| Stepping randomly (stuck).
  7589 | D:9      | 7589 ||| Stepping randomly (stuck).
  7590 | D:9      | 7590 ||| Stepping randomly (stuck).
  7591 | D:9      | 7591 ||| Stepping randomly (stuck).
  7592 | D:9      | 7592 ||| Stepping randomly (stuck).
  7593 | D:9      | 7593 ||| Stepping randomly (stuck).
  7594 | D:9      | 7594 ||| Stepping randomly (stuck).
  7595 | D:9      | 7595 ||| Stepping randomly (stuck).
  7596 | D:9      | 7596 ||| Stepping randomly (stuck).
  7597 | D:9      | 7597 ||| Stepping randomly (stuck).
  7598 | D:9      | 7598 ||| Stepping randomly (stuck).
  7599 | D:9      | 7599 ||| Stepping randomly (stuck).
  7600 | D:9      | 7600 ||| Stepping randomly (stuck).
  7601 | D:9      | 7601 ||| Stepping randomly (stuck).
  7602 | D:9      | 7602 ||| Stepping randomly (stuck).
  7603 | D:9      | 7603 ||| Stepping randomly (stuck).
  7604 | D:9      | 7604 ||| Stepping randomly (stuck).
  7605 | D:9      | 7605 ||| Stepping randomly (stuck).
  7606 | D:9      | 7606 ||| Stepping randomly (stuck).
  7607 | D:9      | 7607 ||| Stepping randomly (stuck).
  7613 | D:9      | 7613 ||| Stepping randomly (stuck).
  7614 | D:9      | 7614 ||| Stepping randomly (stuck).
  7615 | D:9      | 7615 ||| Stepping randomly (stuck).
  7616 | D:9      | 7616 ||| Stepping randomly (stuck).
  7617 | D:9      | 7617 ||| Stepping randomly (stuck).
  7618 | D:9      | 7618 ||| Stepping randomly (stuck).
  7619 | D:9      | 7619 ||| Stepping randomly (stuck).
  7620 | D:9      | 7620 ||| Stepping randomly (stuck).
  7621 | D:9      | 7621 ||| Stepping randomly (stuck).
  7622 | D:9      | 7622 ||| Stepping randomly (stuck).
  7623 | D:9      | 7623 ||| Stepping randomly (stuck).
  7624 | D:9      | 7624 ||| Stepping randomly (stuck).
  7625 | D:9      | 7625 ||| Stepping randomly (stuck).
  7626 | D:9      | 7626 ||| Stepping randomly (stuck).
  7627 | D:9      | 7627 ||| Stepping randomly (stuck).
  7628 | D:9      | 7628 ||| Stepping randomly (stuck).
  7629 | D:9      | 7629 ||| Stepping randomly (stuck).
  7630 | D:9      | 7630 ||| Stepping randomly (stuck).
  7631 | D:9      | 7631 ||| Stepping randomly (stuck).
  7632 | D:9      | 7632 ||| Stepping randomly (stuck).
  7633 | D:9      | 7633 ||| Stepping randomly (stuck).
  7634 | D:9      | 7634 ||| Stepping randomly (stuck).
  7635 | D:9      | 7635 ||| Stepping randomly (stuck).
  7636 | D:9      | 7636 ||| Stepping randomly (stuck).
  7637 | D:9      | 7637 ||| Stepping randomly (stuck).
  7638 | D:9      | 7638 ||| Stepping randomly (stuck).
  7639 | D:9      | 7639 ||| Stepping randomly (stuck).
  7640 | D:9      | 7640 ||| Stepping randomly (stuck).
  7641 | D:9      | 7641 ||| Stepping randomly (stuck).
  7642 | D:9      | 7642 ||| Stepping randomly (stuck).
  7643 | D:9      | 7643 ||| Stepping randomly (stuck).
  7644 | D:9      | 7644 ||| Stepping randomly (stuck).
  7645 | D:9      | 7645 ||| Stepping randomly (stuck).
  7646 | D:9      | 7646 ||| Stepping randomly (stuck).
  7647 | D:9      | 7647 ||| Stepping randomly (stuck).
  7648 | D:9      | 7648 ||| Stepping randomly (stuck).
  7649 | D:9      | 7649 ||| Stepping randomly (stuck).
  7650 | D:9      | 7650 ||| Stepping randomly (stuck).
  7651 | D:9      | 7651 ||| Stepping randomly (stuck).
  7652 | D:9      | 7652 ||| Stepping randomly (stuck).
  7653 | D:9      | 7653 ||| Stepping randomly (stuck).
  7654 | D:9      | 7654 ||| Stepping randomly (stuck).
  7655 | D:9      | 7655 ||| Stepping randomly (stuck).
  7656 | D:9      | 7656 ||| Stepping randomly (stuck).
  7657 | D:9      | 7657 ||| Stepping randomly (stuck).
  7658 | D:9      | 7658 ||| Stepping randomly (stuck).
  7659 | D:9      | 7659 ||| Stepping randomly (stuck).
  7660 | D:9      | 7660 ||| Stepping randomly (stuck).
  7661 | D:9      | 7661 ||| Stepping randomly (stuck).
  7662 | D:9      | 7662 ||| Stepping randomly (stuck).
  7663 | D:9      | 7663 ||| Stepping randomly (stuck).
  7664 | D:9      | 7664 ||| Stepping randomly (stuck).
  7665 | D:9      | 7665 ||| Stepping randomly (stuck).
  7666 | D:9      | 7666 ||| Stepping randomly (stuck).
  7667 | D:9      | 7667 ||| Stepping randomly (stuck).
  7668 | D:9      | 7668 ||| Stepping randomly (stuck).
  7669 | D:9      | 7669 ||| Stepping randomly (stuck).
  7670 | D:9      | 7670 ||| Stepping randomly (stuck).
  7671 | D:9      | 7671 ||| Stepping randomly (stuck).
  7672 | D:9      | 7672 ||| Stepping randomly (stuck).
  7673 | D:9      | 7673 ||| Stepping randomly (stuck).
  7674 | D:9      | 7674 ||| Stepping randomly (stuck).
  7675 | D:9      | 7675 ||| Stepping randomly (stuck).
  7676 | D:9      | 7676 ||| Stepping randomly (stuck).
  7677 | D:9      | 7677 ||| Stepping randomly (stuck).
  7678 | D:9      | 7678 ||| Stepping randomly (stuck).
  7679 | D:9      | 7679 ||| Stepping randomly (stuck).
  7680 | D:9      | 7680 ||| Stepping randomly (stuck).
  7681 | D:9      | 7681 ||| Stepping randomly (stuck).
  7682 | D:9      | 7682 ||| Stepping randomly (stuck).
  7683 | D:9      | 7683 ||| Stepping randomly (stuck).
  7684 | D:9      | 7684 ||| Stepping randomly (stuck).
  7685 | D:9      | 7685 ||| Stepping randomly (stuck).
  7686 | D:9      | 7686 ||| Stepping randomly (stuck).
  7687 | D:9      | 7687 ||| Stepping randomly (stuck).
  7688 | D:9      | 7688 ||| Stepping randomly (stuck).
  7689 | D:9      | 7689 ||| Stepping randomly (stuck).
  7690 | D:9      | 7690 ||| Stepping randomly (stuck).
  7691 | D:9      | 7691 ||| Stepping randomly (stuck).
  7692 | D:9      | 7692 ||| Stepping randomly (stuck).
  7693 | D:9      | 7693 ||| Stepping randomly (stuck).
  7694 | D:9      | 7694 ||| Stepping randomly (stuck).
  7695 | D:9      | 7695 ||| Stepping randomly (stuck).
  7696 | D:9      | 7696 ||| Stepping randomly (stuck).
  7697 | D:9      | 7697 ||| Stepping randomly (stuck).
  7698 | D:9      | 7698 ||| Stepping randomly (stuck).
  7699 | D:9      | 7699 ||| Stepping randomly (stuck).
  7700 | D:9      | 7700 ||| Stepping randomly (stuck).
  7701 | D:9      | 7701 ||| Stepping randomly (stuck).
  7702 | D:9      | 7702 ||| Stepping randomly (stuck).
  7703 | D:9      | 7703 ||| Stepping randomly (stuck).
  7704 | D:9      | 7704 ||| Stepping randomly (stuck).
  7705 | D:9      | 7705 ||| Stepping randomly (stuck).
  7706 | D:9      | 7706 ||| Stepping randomly (stuck).
  7707 | D:9      | 7707 ||| Stepping randomly (stuck).
  7708 | D:9      | 7708 ||| Stepping randomly (stuck).
  7709 | D:9      | 7709 ||| Stepping randomly (stuck).
  7710 | D:9      | 7710 ||| Stepping randomly (stuck).
  7711 | D:9      | 7711 ||| Stepping randomly (stuck).
  7712 | D:9      | 7712 ||| Stepping randomly (stuck).
  7713 | D:9      | 7713 ||| Stepping randomly (stuck).
  7714 | D:9      | 7714 ||| Stepping randomly (stuck).
  7715 | D:9      | 7715 ||| Stepping randomly (stuck).
  7716 | D:9      | 7716 ||| Stepping randomly (stuck).
  7717 | D:9      | 7717 ||| Stepping randomly (stuck).
  7718 | D:9      | 7718 ||| Stepping randomly (stuck).
  7719 | D:9      | 7719 ||| Stepping randomly (stuck).
  7720 | D:9      | 7720 ||| Stepping randomly (stuck).
  7721 | D:9      | 7721 ||| Stepping randomly (stuck).
  7722 | D:9      | 7722 ||| Stepping randomly (stuck).
  7723 | D:9      | 7723 ||| Stepping randomly (stuck).
  7724 | D:9      | 7724 ||| Stepping randomly (stuck).
  7725 | D:9      | 7725 ||| Stepping randomly (stuck).
  7726 | D:9      | 7726 ||| Stepping randomly (stuck).
  7727 | D:9      | 7727 ||| Stepping randomly (stuck).
  7728 | D:9      | 7728 ||| Stepping randomly (stuck).
  7729 | D:9      | 7729 ||| Stepping randomly (stuck).
  7730 | D:9      | 7730 ||| Stepping randomly (stuck).
  7731 | D:9      | 7731 ||| Stepping randomly (stuck).
  7732 | D:9      | 7732 ||| Stepping randomly (stuck).
  7733 | D:9      | 7733 ||| Stepping randomly (stuck).
  7734 | D:9      | 7734 ||| Stepping randomly (stuck).
  7735 | D:9      | 7735 ||| Stepping randomly (stuck).
  7736 | D:9      | 7736 ||| Stepping randomly (stuck).
  7737 | D:9      | 7737 ||| Stepping randomly (stuck).
  7738 | D:9      | 7738 ||| Stepping randomly (stuck).
  7739 | D:9      | 7739 ||| Stepping randomly (stuck).
  7740 | D:9      | 7740 ||| Stepping randomly (stuck).
  7741 | D:9      | 7741 ||| Stepping randomly (stuck).
  7742 | D:9      | 7742 ||| Stepping randomly (stuck).
  7743 | D:9      | 7743 ||| Stepping randomly (stuck).
  7744 | D:9      | 7744 ||| Stepping randomly (stuck).
  7745 | D:9      | 7745 ||| Stepping randomly (stuck).
  7746 | D:9      | 7746 ||| Stepping randomly (stuck).
  7747 | D:9      | 7747 ||| Stepping randomly (stuck).
  7748 | D:9      | 7748 ||| Stepping randomly (stuck).
  7749 | D:9      | 7749 ||| Stepping randomly (stuck).
  7750 | D:9      | 7750 ||| Stepping randomly (stuck).
  7751 | D:9      | 7751 ||| Stepping randomly (stuck).
  7752 | D:9      | 7752 ||| Stepping randomly (stuck).
  7753 | D:9      | 7753 ||| Stepping randomly (stuck).
  7754 | D:9      | 7754 ||| Stepping randomly (stuck).
  7755 | D:9      | 7755 ||| Stepping randomly (stuck).
  7756 | D:9      | 7756 ||| Stepping randomly (stuck).
  7757 | D:9      | 7757 ||| Stepping randomly (stuck).
  7758 | D:9      | 7758 ||| Stepping randomly (stuck).
  7759 | D:9      | 7759 ||| Stepping randomly (stuck).
  7760 | D:9      | 7760 ||| Stepping randomly (stuck).
  7761 | D:9      | 7761 ||| Stepping randomly (stuck).
  7762 | D:9      | 7762 ||| Stepping randomly (stuck).
  7763 | D:9      | 7763 ||| Stepping randomly (stuck).
  7764 | D:9      | 7764 ||| Stepping randomly (stuck).
  7765 | D:9      | 7765 ||| Stepping randomly (stuck).
  7766 | D:9      | 7766 ||| Stepping randomly (stuck).
  7767 | D:9      | 7767 ||| Stepping randomly (stuck).
  7768 | D:9      | 7768 ||| Stepping randomly (stuck).
  7769 | D:9      | 7769 ||| Stepping randomly (stuck).
  7770 | D:9      | 7770 ||| Stepping randomly (stuck).
  7771 | D:9      | 7771 ||| Stepping randomly (stuck).
  7772 | D:9      | 7772 ||| Stepping randomly (stuck).
  7773 | D:9      | 7773 ||| Stepping randomly (stuck).
  7774 | D:9      | 7774 ||| Stepping randomly (stuck).
  7775 | D:9      | 7775 ||| Stepping randomly (stuck).
  7776 | D:9      | 7776 ||| Stepping randomly (stuck).
  7777 | D:9      | 7777 ||| Stepping randomly (stuck).
  7778 | D:9      | 7778 ||| Stepping randomly (stuck).
  7779 | D:9      | 7779 ||| Stepping randomly (stuck).
  7780 | D:9      | 7780 ||| Stepping randomly (stuck).
  7781 | D:9      | 7781 ||| Stepping randomly (stuck).
  7782 | D:9      | 7782 ||| Stepping randomly (stuck).
  7783 | D:9      | 7783 ||| Stepping randomly (stuck).
  7784 | D:9      | 7784 ||| Stepping randomly (stuck).
  7785 | D:9      | 7785 ||| Stepping randomly (stuck).
  7786 | D:9      | 7786 ||| Stepping randomly (stuck).
  7787 | D:9      | 7787 ||| Stepping randomly (stuck).
  7788 | D:9      | 7788 ||| Stepping randomly (stuck).
  7789 | D:9      | 7789 ||| Stepping randomly (stuck).
  7790 | D:9      | 7790 ||| Stepping randomly (stuck).
  7791 | D:9      | 7791 ||| Stepping randomly (stuck).
  7792 | D:9      | 7792 ||| Stepping randomly (stuck).
  7793 | D:9      | 7793 ||| Stepping randomly (stuck).
  7794 | D:9      | 7794 ||| Stepping randomly (stuck).
  7795 | D:9      | 7795 ||| Stepping randomly (stuck).
  7796 | D:9      | 7796 ||| Stepping randomly (stuck).
  7797 | D:9      | 7797 ||| Stepping randomly (stuck).
  7798 | D:9      | 7798 ||| Stepping randomly (stuck).
  7799 | D:9      | 7799 ||| Stepping randomly (stuck).
  7800 | D:9      | 7800 ||| Stepping randomly (stuck).
  7801 | D:9      | 7801 ||| Stepping randomly (stuck).
  7802 | D:9      | 7802 ||| Stepping randomly (stuck).
  7803 | D:9      | 7803 ||| Stepping randomly (stuck).
  7804 | D:9      | 7804 ||| Stepping randomly (stuck).
  7809 | D:9      | 7809 ||| Stepping randomly (stuck).
  7810 | D:9      | 7810 ||| Stepping randomly (stuck).
  7811 | D:9      | 7811 ||| Stepping randomly (stuck).
  7812 | D:9      | 7812 ||| Stepping randomly (stuck).
  7813 | D:9      | 7813 ||| Stepping randomly (stuck).
  7814 | D:9      | 7814 ||| Stepping randomly (stuck).
  7815 | D:9      | 7815 ||| Stepping randomly (stuck).
  7816 | D:9      | 7816 ||| Stepping randomly (stuck).
  7817 | D:9      | 7817 ||| Stepping randomly (stuck).
  7818 | D:9      | 7818 ||| Stepping randomly (stuck).
  7819 | D:9      | 7819 ||| Stepping randomly (stuck).
  7820 | D:9      | 7820 ||| Stepping randomly (stuck).
  7821 | D:9      | 7821 ||| Stepping randomly (stuck).
  7822 | D:9      | 7822 ||| Stepping randomly (stuck).
  7823 | D:9      | 7823 ||| Stepping randomly (stuck).
  7824 | D:9      | 7824 ||| Stepping randomly (stuck).
  7825 | D:9      | 7825 ||| Stepping randomly (stuck).
  7826 | D:9      | 7826 ||| Stepping randomly (stuck).
  7827 | D:9      | 7827 ||| Stepping randomly (stuck).
  7828 | D:9      | 7828 ||| Stepping randomly (stuck).
  7829 | D:9      | 7829 ||| Stepping randomly (stuck).
  7830 | D:9      | 7830 ||| Stepping randomly (stuck).
  7831 | D:9      | 7831 ||| Stepping randomly (stuck).
  7832 | D:9      | 7832 ||| Stepping randomly (stuck).
  7833 | D:9      | 7833 ||| Stepping randomly (stuck).
  7834 | D:9      | 7834 ||| Stepping randomly (stuck).
  7835 | D:9      | 7835 ||| Stepping randomly (stuck).
  7836 | D:9      | 7836 ||| Stepping randomly (stuck).
  7837 | D:9      | 7837 ||| Stepping randomly (stuck).
  7838 | D:9      | 7838 ||| Stepping randomly (stuck).
  7839 | D:9      | 7839 ||| Stepping randomly (stuck).
  7840 | D:9      | 7840 ||| Stepping randomly (stuck).
  7841 | D:9      | 7841 ||| Stepping randomly (stuck).
  7842 | D:9      | 7842 ||| Stepping randomly (stuck).
  7843 | D:9      | 7843 ||| Stepping randomly (stuck).
  7844 | D:9      | 7844 ||| Stepping randomly (stuck).
  7845 | D:9      | 7845 ||| Stepping randomly (stuck).
  7846 | D:9      | 7846 ||| Stepping randomly (stuck).
  7847 | D:9      | 7847 ||| Stepping randomly (stuck).
  7848 | D:9      | 7848 ||| Stepping randomly (stuck).
  7849 | D:9      | 7849 ||| Stepping randomly (stuck).
  7850 | D:9      | 7850 ||| Stepping randomly (stuck).
  7851 | D:9      | 7851 ||| Stepping randomly (stuck).
  7852 | D:9      | 7852 ||| Stepping randomly (stuck).
  7853 | D:9      | 7853 ||| Stepping randomly (stuck).
  7854 | D:9      | 7854 ||| Stepping randomly (stuck).
  7855 | D:9      | 7855 ||| Stepping randomly (stuck).
  7856 | D:9      | 7856 ||| Stepping randomly (stuck).
  7857 | D:9      | 7857 ||| Stepping randomly (stuck).
  7858 | D:9      | 7858 ||| Stepping randomly (stuck).
  7859 | D:9      | 7859 ||| Stepping randomly (stuck).
  7860 | D:9      | 7860 ||| Stepping randomly (stuck).
  7861 | D:9      | 7861 ||| Stepping randomly (stuck).
  7862 | D:9      | 7862 ||| Stepping randomly (stuck).
  7863 | D:9      | 7863 ||| Stepping randomly (stuck).
  7864 | D:9      | 7864 ||| Stepping randomly (stuck).
  7865 | D:9      | 7865 ||| Stepping randomly (stuck).
  7866 | D:9      | 7866 ||| Stepping randomly (stuck).
  7867 | D:9      | 7867 ||| Stepping randomly (stuck).
  7868 | D:9      | 7868 ||| Stepping randomly (stuck).
  7869 | D:9      | 7869 ||| Stepping randomly (stuck).
  7870 | D:9      | 7870 ||| Stepping randomly (stuck).
  7871 | D:9      | 7871 ||| Stepping randomly (stuck).
  7872 | D:9      | 7872 ||| Stepping randomly (stuck).
  7873 | D:9      | 7873 ||| Stepping randomly (stuck).
  7874 | D:9      | 7874 ||| Stepping randomly (stuck).
  7875 | D:9      | 7875 ||| Stepping randomly (stuck).
  7876 | D:9      | 7876 ||| Stepping randomly (stuck).
  7877 | D:9      | 7877 ||| Stepping randomly (stuck).
  7878 | D:9      | 7878 ||| Stepping randomly (stuck).
  7879 | D:9      | 7879 ||| Stepping randomly (stuck).
  7880 | D:9      | 7880 ||| Stepping randomly (stuck).
  7881 | D:9      | 7881 ||| Stepping randomly (stuck).
  7882 | D:9      | 7882 ||| Stepping randomly (stuck).
  7883 | D:9      | 7883 ||| Stepping randomly (stuck).
  7884 | D:9      | 7884 ||| Stepping randomly (stuck).
  7885 | D:9      | 7885 ||| Stepping randomly (stuck).
  7886 | D:9      | 7886 ||| Stepping randomly (stuck).
  7887 | D:9      | 7887 ||| Stepping randomly (stuck).
  7888 | D:9      | 7888 ||| Stepping randomly (stuck).
  7889 | D:9      | 7889 ||| Stepping randomly (stuck).
  7890 | D:9      | 7890 ||| Stepping randomly (stuck).
  7891 | D:9      | 7891 ||| Stepping randomly (stuck).
  7892 | D:9      | 7892 ||| Stepping randomly (stuck).
  7893 | D:9      | 7893 ||| Stepping randomly (stuck).
  7894 | D:9      | 7894 ||| Stepping randomly (stuck).
  7895 | D:9      | 7895 ||| Stepping randomly (stuck).
  7896 | D:9      | 7896 ||| Stepping randomly (stuck).
  7897 | D:9      | 7897 ||| Stepping randomly (stuck).
  7898 | D:9      | 7898 ||| Stepping randomly (stuck).
  7899 | D:9      | 7899 ||| Stepping randomly (stuck).
  7900 | D:9      | 7900 ||| Stepping randomly (stuck).
  7901 | D:9      | 7901 ||| Stepping randomly (stuck).
  7902 | D:9      | 7902 ||| Stepping randomly (stuck).
  7903 | D:9      | 7903 ||| Stepping randomly (stuck).
  7904 | D:9      | 7904 ||| Stepping randomly (stuck).
  7905 | D:9      | 7905 ||| Stepping randomly (stuck).
  7906 | D:9      | 7906 ||| Stepping randomly (stuck).
  7907 | D:9      | 7907 ||| Stepping randomly (stuck).
  7908 | D:9      | 7908 ||| Stepping randomly (stuck).
  7909 | D:9      | 7909 ||| Stepping randomly (stuck).
  7910 | D:9      | 7910 ||| Stepping randomly (stuck).
  7911 | D:9      | 7911 ||| Stepping randomly (stuck).
  7912 | D:9      | 7912 ||| Stepping randomly (stuck).
  7913 | D:9      | 7913 ||| Stepping randomly (stuck).
  7914 | D:9      | 7914 ||| Stepping randomly (stuck).
  7915 | D:9      | 7915 ||| Stepping randomly (stuck).
  7916 | D:9      | 7916 ||| Stepping randomly (stuck).
  7917 | D:9      | 7917 ||| Stepping randomly (stuck).
  7918 | D:9      | 7918 ||| Stepping randomly (stuck).
  7919 | D:9      | 7919 ||| Stepping randomly (stuck).
  7920 | D:9      | 7920 ||| Stepping randomly (stuck).
  7921 | D:9      | 7921 ||| Stepping randomly (stuck).
  7922 | D:9      | 7922 ||| Stepping randomly (stuck).
  7923 | D:9      | 7923 ||| Stepping randomly (stuck).
  7924 | D:9      | 7924 ||| Stepping randomly (stuck).
  7925 | D:9      | 7925 ||| Stepping randomly (stuck).
  7926 | D:9      | 7926 ||| Stepping randomly (stuck).
  7927 | D:9      | 7927 ||| Stepping randomly (stuck).
  7928 | D:9      | 7928 ||| Stepping randomly (stuck).
  7929 | D:9      | 7929 ||| Stepping randomly (stuck).
  7930 | D:9      | 7930 ||| Stepping randomly (stuck).
  7931 | D:9      | 7931 ||| Stepping randomly (stuck).
  7932 | D:9      | 7932 ||| Stepping randomly (stuck).
  7933 | D:9      | 7933 ||| Stepping randomly (stuck).
  7934 | D:9      | 7934 ||| Stepping randomly (stuck).
  7935 | D:9      | 7935 ||| Stepping randomly (stuck).
  7936 | D:9      | 7936 ||| Stepping randomly (stuck).
  7937 | D:9      | 7937 ||| Stepping randomly (stuck).
  7938 | D:9      | 7938 ||| Stepping randomly (stuck).
  7939 | D:9      | 7939 ||| Stepping randomly (stuck).
  7940 | D:9      | 7940 ||| Stepping randomly (stuck).
  7941 | D:9      | 7941 ||| Stepping randomly (stuck).
  7942 | D:9      | 7942 ||| Stepping randomly (stuck).
  7943 | D:9      | 7943 ||| Stepping randomly (stuck).
  7944 | D:9      | 7944 ||| Stepping randomly (stuck).
  7945 | D:9      | 7945 ||| Stepping randomly (stuck).
  7946 | D:9      | 7946 ||| Stepping randomly (stuck).
  7947 | D:9      | 7947 ||| Stepping randomly (stuck).
  7948 | D:9      | 7948 ||| Stepping randomly (stuck).
  7949 | D:9      | 7949 ||| Stepping randomly (stuck).
  7950 | D:9      | 7950 ||| Stepping randomly (stuck).
  7951 | D:9      | 7951 ||| Stepping randomly (stuck).
  7952 | D:9      | 7952 ||| Stepping randomly (stuck).
  7953 | D:9      | 7953 ||| Stepping randomly (stuck).
  7954 | D:9      | 7954 ||| Stepping randomly (stuck).
  7955 | D:9      | 7955 ||| Stepping randomly (stuck).
  7956 | D:9      | 7956 ||| Stepping randomly (stuck).
  7957 | D:9      | 7957 ||| Stepping randomly (stuck).
  7958 | D:9      | 7958 ||| Stepping randomly (stuck).
  7959 | D:9      | 7959 ||| Stepping randomly (stuck).
  7960 | D:9      | 7960 ||| Stepping randomly (stuck).
  7961 | D:9      | 7961 ||| Stepping randomly (stuck).
  7962 | D:9      | 7962 ||| Stepping randomly (stuck).
  7963 | D:9      | 7963 ||| Stepping randomly (stuck).
  7964 | D:9      | 7964 ||| Stepping randomly (stuck).
  7965 | D:9      | 7965 ||| Stepping randomly (stuck).
  7966 | D:9      | 7966 ||| Stepping randomly (stuck).
  7967 | D:9      | 7967 ||| Stepping randomly (stuck).
  7968 | D:9      | 7968 ||| Stepping randomly (stuck).
  7969 | D:9      | 7969 ||| Stepping randomly (stuck).
  7970 | D:9      | 7970 ||| Stepping randomly (stuck).
  7971 | D:9      | 7971 ||| Stepping randomly (stuck).
  7972 | D:9      | 7972 ||| Stepping randomly (stuck).
  7973 | D:9      | 7973 ||| Stepping randomly (stuck).
  7974 | D:9      | 7974 ||| Stepping randomly (stuck).
  7975 | D:9      | 7975 ||| Stepping randomly (stuck).
  7976 | D:9      | 7976 ||| Stepping randomly (stuck).
  7977 | D:9      | 7977 ||| Stepping randomly (stuck).
  7978 | D:9      | 7978 ||| Stepping randomly (stuck).
  7979 | D:9      | 7979 ||| Stepping randomly (stuck).
  7980 | D:9      | 7980 ||| Stepping randomly (stuck).
  7981 | D:9      | 7981 ||| Stepping randomly (stuck).
  7982 | D:9      | 7982 ||| Stepping randomly (stuck).
  7983 | D:9      | 7983 ||| Stepping randomly (stuck).
  7984 | D:9      | 7984 ||| Stepping randomly (stuck).
  7985 | D:9      | 7985 ||| Stepping randomly (stuck).
  7986 | D:9      | 7986 ||| Stepping randomly (stuck).
  7987 | D:9      | 7987 ||| Stepping randomly (stuck).
  7988 | D:9      | 7988 ||| Stepping randomly (stuck).
  7989 | D:9      | 7989 ||| Stepping randomly (stuck).
  7990 | D:9      | 7990 ||| Stepping randomly (stuck).
  7991 | D:9      | 7991 ||| Stepping randomly (stuck).
  7992 | D:9      | 7992 ||| Stepping randomly (stuck).
  7993 | D:9      | 7993 ||| Stepping randomly (stuck).
  7994 | D:9      | 7994 ||| Stepping randomly (stuck).
  7995 | D:9      | 7995 ||| Stepping randomly (stuck).
  7996 | D:9      | 7996 ||| Stepping randomly (stuck).
  7997 | D:9      | 7997 ||| Stepping randomly (stuck).
  7998 | D:9      | 7998 ||| Stepping randomly (stuck).
  7999 | D:9      | 7999 ||| Stepping randomly (stuck).
  8000 | D:9      | 8000 ||| Stepping randomly (stuck).
  8001 | D:9      | 8001 ||| Stepping randomly (stuck).
  8002 | D:9      | 8002 ||| Stepping randomly (stuck).
  8003 | D:9      | 8003 ||| Stepping randomly (stuck).
  8004 | D:9      | 8004 ||| Stepping randomly (stuck).
  8005 | D:9      | 8005 ||| Stepping randomly (stuck).
  8006 | D:9      | 8006 ||| Stepping randomly (stuck).
  8007 | D:9      | 8007 ||| Stepping randomly (stuck).
  8008 | D:9      | 8008 ||| Stepping randomly (stuck).
  8009 | D:9      | 8009 ||| Stepping randomly (stuck).
  8010 | D:9      | 8010 ||| Stepping randomly (stuck).
  8011 | D:9      | 8011 ||| Stepping randomly (stuck).
  8012 | D:9      | 8012 ||| Stepping randomly (stuck).
  8013 | D:9      | 8013 ||| Stepping randomly (stuck).
  8014 | D:9      | 8014 ||| Stepping randomly (stuck).
  8015 | D:9      | 8015 ||| Stepping randomly (stuck).
  8016 | D:9      | 8016 ||| Stepping randomly (stuck).
  8017 | D:9      | 8017 ||| Stepping randomly (stuck).
  8018 | D:9      | 8018 ||| Stepping randomly (stuck).
  8019 | D:9      | 8019 ||| Stepping randomly (stuck).
  8020 | D:9      | 8020 ||| Stepping randomly (stuck).
  8021 | D:9      | 8021 ||| Stepping randomly (stuck).
  8022 | D:9      | 8022 ||| Stepping randomly (stuck).
  8023 | D:9      | 8023 ||| Stepping randomly (stuck).
  8024 | D:9      | 8024 ||| Stepping randomly (stuck).
  8025 | D:9      | 8025 ||| Stepping randomly (stuck).
  8026 | D:9      | 8026 ||| Stepping randomly (stuck).
  8027 | D:9      | 8027 ||| Stepping randomly (stuck).
  8028 | D:9      | 8028 ||| Stepping randomly (stuck).
  8029 | D:9      | 8029 ||| Stepping randomly (stuck).
  8030 | D:9      | 8030 ||| Stepping randomly (stuck).
  8031 | D:9      | 8031 ||| Stepping randomly (stuck).
  8032 | D:9      | 8032 ||| Stepping randomly (stuck).
  8033 | D:9      | 8033 ||| Stepping randomly (stuck).
  8034 | D:9      | 8034 ||| Stepping randomly (stuck).
  8035 | D:9      | 8035 ||| Stepping randomly (stuck).
  8036 | D:9      | 8036 ||| Stepping randomly (stuck).
  8037 | D:9      | 8037 ||| Stepping randomly (stuck).
  8038 | D:9      | 8038 ||| Stepping randomly (stuck).
  8039 | D:9      | 8039 ||| Stepping randomly (stuck).
  8040 | D:9      | 8040 ||| Stepping randomly (stuck).
  8041 | D:9      | 8041 ||| Stepping randomly (stuck).
  8042 | D:9      | 8042 ||| Stepping randomly (stuck).
  8043 | D:9      | 8043 ||| Stepping randomly (stuck).
  8044 | D:9      | 8044 ||| Stepping randomly (stuck).
  8045 | D:9      | 8045 ||| Stepping randomly (stuck).
  8046 | D:9      | 8046 ||| Stepping randomly (stuck).
  8047 | D:9      | 8047 ||| Stepping randomly (stuck).
  8048 | D:9      | 8048 ||| Stepping randomly (stuck).
  8049 | D:9      | 8049 ||| Stepping randomly (stuck).
  8050 | D:9      | 8050 ||| Stepping randomly (stuck).
  8051 | D:9      | 8051 ||| Stepping randomly (stuck).
  8052 | D:9      | 8052 ||| Stepping randomly (stuck).
  8053 | D:9      | 8053 ||| Stepping randomly (stuck).
  8054 | D:9      | 8054 ||| Stepping randomly (stuck).
  8055 | D:9      | 8055 ||| Stepping randomly (stuck).
  8056 | D:9      | 8056 ||| Stepping randomly (stuck).
  8057 | D:9      | 8057 ||| Stepping randomly (stuck).
  8058 | D:9      | 8058 ||| Stepping randomly (stuck).
  8059 | D:9      | 8059 ||| Stepping randomly (stuck).
  8060 | D:9      | 8060 ||| Stepping randomly (stuck).
  8061 | D:9      | 8061 ||| Stepping randomly (stuck).
  8062 | D:9      | 8062 ||| Stepping randomly (stuck).
  8063 | D:9      | 8063 ||| Stepping randomly (stuck).
  8064 | D:9      | 8064 ||| Stepping randomly (stuck).
  8065 | D:9      | 8065 ||| Stepping randomly (stuck).
  8066 | D:9      | 8066 ||| Stepping randomly (stuck).
  8067 | D:9      | 8067 ||| Stepping randomly (stuck).
  8068 | D:9      | 8068 ||| Stepping randomly (stuck).
  8069 | D:9      | 8069 ||| Stepping randomly (stuck).
  8070 | D:9      | 8070 ||| Stepping randomly (stuck).
  8071 | D:9      | 8071 ||| Stepping randomly (stuck).
  8072 | D:9      | 8072 ||| Stepping randomly (stuck).
  8073 | D:9      | 8073 ||| Stepping randomly (stuck).
  8074 | D:9      | 8074 ||| Stepping randomly (stuck).
  8075 | D:9      | 8075 ||| Stepping randomly (stuck).
  8076 | D:9      | 8076 ||| Stepping randomly (stuck).
  8077 | D:9      | 8077 ||| Stepping randomly (stuck).
  8078 | D:9      | 8078 ||| Stepping randomly (stuck).
  8079 | D:9      | 8079 ||| Stepping randomly (stuck).
  8080 | D:9      | 8080 ||| Stepping randomly (stuck).
  8081 | D:9      | 8081 ||| Stepping randomly (stuck).
  8082 | D:9      | 8082 ||| Stepping randomly (stuck).
  8083 | D:9      | 8083 ||| Stepping randomly (stuck).
  8084 | D:9      | 8084 ||| Stepping randomly (stuck).
  8085 | D:9      | 8085 ||| Stepping randomly (stuck).
  8086 | D:9      | 8086 ||| Stepping randomly (stuck).
  8087 | D:9      | 8087 ||| Stepping randomly (stuck).
  8088 | D:9      | 8088 ||| Stepping randomly (stuck).
  8089 | D:9      | 8089 ||| Stepping randomly (stuck).
  8090 | D:9      | 8090 ||| Stepping randomly (stuck).
  8091 | D:9      | 8091 ||| Stepping randomly (stuck).
  8092 | D:9      | 8092 ||| Stepping randomly (stuck).
  8093 | D:9      | 8093 ||| Stepping randomly (stuck).
  8094 | D:9      | 8094 ||| Stepping randomly (stuck).
  8095 | D:9      | 8095 ||| Stepping randomly (stuck).
  8096 | D:9      | 8096 ||| Stepping randomly (stuck).
  8097 | D:9      | 8097 ||| Stepping randomly (stuck).
  8098 | D:9      | 8098 ||| Stepping randomly (stuck).
  8099 | D:9      | 8099 ||| Stepping randomly (stuck).
  8100 | D:9      | 8100 ||| Stepping randomly (stuck).
  8101 | D:9      | 8101 ||| Stepping randomly (stuck).
  8102 | D:9      | 8102 ||| Stepping randomly (stuck).
  8103 | D:9      | 8103 ||| Stepping randomly (stuck).
  8104 | D:9      | 8104 ||| Stepping randomly (stuck).
  8105 | D:9      | 8105 ||| Stepping randomly (stuck).
  8106 | D:9      | 8106 ||| Stepping randomly (stuck).
  8107 | D:9      | 8107 ||| Stepping randomly (stuck).
  8108 | D:9      | 8108 ||| Stepping randomly (stuck).
  8109 | D:9      | 8109 ||| Stepping randomly (stuck).
  8110 | D:9      | 8110 ||| Stepping randomly (stuck).
  8111 | D:9      | 8111 ||| Stepping randomly (stuck).
  8112 | D:9      | 8112 ||| Stepping randomly (stuck).
  8113 | D:9      | 8113 ||| Stepping randomly (stuck).
  8114 | D:9      | 8114 ||| Stepping randomly (stuck).
  8115 | D:9      | 8115 ||| Stepping randomly (stuck).
  8116 | D:9      | 8116 ||| Stepping randomly (stuck).
  8117 | D:9      | 8117 ||| Stepping randomly (stuck).
  8118 | D:9      | 8118 ||| Stepping randomly (stuck).
  8119 | D:9      | 8119 ||| Stepping randomly (stuck).
  8120 | D:9      | 8120 ||| Stepping randomly (stuck).
  8121 | D:9      | 8121 ||| Stepping randomly (stuck).
  8122 | D:9      | 8122 ||| Stepping randomly (stuck).
  8123 | D:9      | 8123 ||| Stepping randomly (stuck).
  8124 | D:9      | 8124 ||| Stepping randomly (stuck).
  8125 | D:9      | 8125 ||| Stepping randomly (stuck).
  8126 | D:9      | 8126 ||| Stepping randomly (stuck).
  8127 | D:9      | 8127 ||| Stepping randomly (stuck).
  8128 | D:9      | 8128 ||| Stepping randomly (stuck).
  8129 | D:9      | 8129 ||| Stepping randomly (stuck).
  8130 | D:9      | 8130 ||| Stepping randomly (stuck).
  8131 | D:9      | 8131 ||| Stepping randomly (stuck).
  8132 | D:9      | 8132 ||| Stepping randomly (stuck).
  8133 | D:9      | 8133 ||| Stepping randomly (stuck).
  8134 | D:9      | 8134 ||| Stepping randomly (stuck).
  8135 | D:9      | 8135 ||| Stepping randomly (stuck).
  8136 | D:9      | 8136 ||| Stepping randomly (stuck).
  8137 | D:9      | 8137 ||| Stepping randomly (stuck).
  8138 | D:9      | 8138 ||| Stepping randomly (stuck).
  8139 | D:9      | 8139 ||| Stepping randomly (stuck).
  8140 | D:9      | 8140 ||| Stepping randomly (stuck).
  8141 | D:9      | 8141 ||| Stepping randomly (stuck).
  8142 | D:9      | 8142 ||| Stepping randomly (stuck).
  8143 | D:9      | 8143 ||| Stepping randomly (stuck).
  8144 | D:9      | 8144 ||| Stepping randomly (stuck).
  8145 | D:9      | 8145 ||| Stepping randomly (stuck).
  8146 | D:9      | 8146 ||| Stepping randomly (stuck).
  8147 | D:9      | 8147 ||| Stepping randomly (stuck).
  8148 | D:9      | 8148 ||| Stepping randomly (stuck).
  8149 | D:9      | 8149 ||| Stepping randomly (stuck).
  8150 | D:9      | 8150 ||| Stepping randomly (stuck).
  8151 | D:9      | 8151 ||| Stepping randomly (stuck).
  8152 | D:9      | 8152 ||| Stepping randomly (stuck).
  8153 | D:9      | 8153 ||| Stepping randomly (stuck).
  8154 | D:9      | 8154 ||| Stepping randomly (stuck).
  8155 | D:9      | 8155 ||| Stepping randomly (stuck).
  8156 | D:9      | 8156 ||| Stepping randomly (stuck).
  8157 | D:9      | 8157 ||| Stepping randomly (stuck).
  8158 | D:9      | 8158 ||| Stepping randomly (stuck).
  8159 | D:9      | 8159 ||| Stepping randomly (stuck).
  8160 | D:9      | 8160 ||| Stepping randomly (stuck).
  8161 | D:9      | 8161 ||| Stepping randomly (stuck).
  8162 | D:9      | 8162 ||| Stepping randomly (stuck).
  8163 | D:9      | 8163 ||| Stepping randomly (stuck).
  8164 | D:9      | 8164 ||| Stepping randomly (stuck).
  8165 | D:9      | 8165 ||| Stepping randomly (stuck).
  8166 | D:9      | 8166 ||| Stepping randomly (stuck).
  8167 | D:9      | 8167 ||| Stepping randomly (stuck).
  8168 | D:9      | 8168 ||| Stepping randomly (stuck).
  8169 | D:9      | 8169 ||| Stepping randomly (stuck).
  8170 | D:9      | 8170 ||| Stepping randomly (stuck).
  8171 | D:9      | 8171 ||| Stepping randomly (stuck).
  8172 | D:9      | 8172 ||| Stepping randomly (stuck).
  8173 | D:9      | 8173 ||| Stepping randomly (stuck).
  8174 | D:9      | 8174 ||| Stepping randomly (stuck).
  8175 | D:9      | 8175 ||| Stepping randomly (stuck).
  8176 | D:9      | 8176 ||| Stepping randomly (stuck).
  8177 | D:9      | 8177 ||| Stepping randomly (stuck).
  8178 | D:9      | 8178 ||| Stepping randomly (stuck).
  8179 | D:9      | 8179 ||| Stepping randomly (stuck).
  8180 | D:9      | 8180 ||| Stepping randomly (stuck).
  8181 | D:9      | 8181 ||| Stepping randomly (stuck).
  8182 | D:9      | 8182 ||| Stepping randomly (stuck).
  8183 | D:9      | 8183 ||| Stepping randomly (stuck).
  8184 | D:9      | 8184 ||| Stepping randomly (stuck).
  8185 | D:9      | 8185 ||| Stepping randomly (stuck).
  8186 | D:9      | 8186 ||| Stepping randomly (stuck).
  8187 | D:9      | 8187 ||| Stepping randomly (stuck).
  8188 | D:9      | 8188 ||| Stepping randomly (stuck).
  8189 | D:9      | 8189 ||| Stepping randomly (stuck).
  8190 | D:9      | 8190 ||| Stepping randomly (stuck).
  8191 | D:9      | 8191 ||| Stepping randomly (stuck).
  8192 | D:9      | 8192 ||| Stepping randomly (stuck).
  8193 | D:9      | 8193 ||| Stepping randomly (stuck).
  8194 | D:9      | 8194 ||| Stepping randomly (stuck).
  8195 | D:9      | 8195 ||| Stepping randomly (stuck).
  8196 | D:9      | 8196 ||| Stepping randomly (stuck).
  8197 | D:9      | 8197 ||| Stepping randomly (stuck).
  8198 | D:9      | 8198 ||| Stepping randomly (stuck).
  8199 | D:9      | 8199 ||| Stepping randomly (stuck).
  8200 | D:9      | 8200 ||| Stepping randomly (stuck).
  8201 | D:9      | 8201 ||| Stepping randomly (stuck).
  8202 | D:9      | 8202 ||| Stepping randomly (stuck).
  8203 | D:9      | 8203 ||| Stepping randomly (stuck).
  8204 | D:9      | 8204 ||| Stepping randomly (stuck).
  8205 | D:9      | 8205 ||| Stepping randomly (stuck).
  8206 | D:9      | 8206 ||| Stepping randomly (stuck).
  8207 | D:9      | 8207 ||| Stepping randomly (stuck).
  8208 | D:9      | 8208 ||| Stepping randomly (stuck).
  8209 | D:9      | 8209 ||| Stepping randomly (stuck).
  8210 | D:9      | 8210 ||| Stepping randomly (stuck).
  8211 | D:9      | 8211 ||| Stepping randomly (stuck).
  8212 | D:9      | 8212 ||| Stepping randomly (stuck).
  8213 | D:9      | 8213 ||| Stepping randomly (stuck).
  8214 | D:9      | 8214 ||| Stepping randomly (stuck).
  8215 | D:9      | 8215 ||| Stepping randomly (stuck).
  8216 | D:9      | 8216 ||| Stepping randomly (stuck).
  8217 | D:9      | 8217 ||| Stepping randomly (stuck).
  8218 | D:9      | 8218 ||| Stepping randomly (stuck).
  8219 | D:9      | 8219 ||| Stepping randomly (stuck).
  8220 | D:9      | 8220 ||| Stepping randomly (stuck).
  8221 | D:9      | 8221 ||| Stepping randomly (stuck).
  8222 | D:9      | 8222 ||| Stepping randomly (stuck).
  8223 | D:9      | 8223 ||| Stepping randomly (stuck).
  8224 | D:9      | 8224 ||| Stepping randomly (stuck).
  8225 | D:9      | 8225 ||| Stepping randomly (stuck).
  8226 | D:9      | 8226 ||| Stepping randomly (stuck).
  8227 | D:9      | 8227 ||| Stepping randomly (stuck).
  8228 | D:9      | 8228 ||| Stepping randomly (stuck).
  8229 | D:9      | 8229 ||| Stepping randomly (stuck).
  8230 | D:9      | 8230 ||| Stepping randomly (stuck).
  8231 | D:9      | 8231 ||| Stepping randomly (stuck).
  8232 | D:9      | 8232 ||| Stepping randomly (stuck).
  8233 | D:9      | 8233 ||| Stepping randomly (stuck).
  8234 | D:9      | 8234 ||| Stepping randomly (stuck).
  8235 | D:9      | 8235 ||| Stepping randomly (stuck).
  8236 | D:9      | 8236 ||| Stepping randomly (stuck).
  8237 | D:9      | 8237 ||| Stepping randomly (stuck).
  8238 | D:9      | 8238 ||| Stepping randomly (stuck).
  8239 | D:9      | 8239 ||| Stepping randomly (stuck).
  8240 | D:9      | 8240 ||| Stepping randomly (stuck).
  8241 | D:9      | 8241 ||| Stepping randomly (stuck).
  8242 | D:9      | 8242 ||| Stepping randomly (stuck).
  8243 | D:9      | 8243 ||| Stepping randomly (stuck).
  8244 | D:9      | 8244 ||| Stepping randomly (stuck).
  8245 | D:9      | 8245 ||| Stepping randomly (stuck).
  8246 | D:9      | 8246 ||| Stepping randomly (stuck).
  8247 | D:9      | 8247 ||| Stepping randomly (stuck).
  8248 | D:9      | 8248 ||| Stepping randomly (stuck).
  8249 | D:9      | 8249 ||| Stepping randomly (stuck).
  8250 | D:9      | 8250 ||| Stepping randomly (stuck).
  8251 | D:9      | 8251 ||| Stepping randomly (stuck).
  8252 | D:9      | 8252 ||| Stepping randomly (stuck).
  8253 | D:9      | 8253 ||| Stepping randomly (stuck).
  8254 | D:9      | 8254 ||| Stepping randomly (stuck).
  8255 | D:9      | 8255 ||| Stepping randomly (stuck).
  8256 | D:9      | 8256 ||| Stepping randomly (stuck).
  8257 | D:9      | 8257 ||| Stepping randomly (stuck).
  8258 | D:9      | 8258 ||| Stepping randomly (stuck).
  8259 | D:9      | 8259 ||| Stepping randomly (stuck).
  8260 | D:9      | 8260 ||| Stepping randomly (stuck).
  8261 | D:9      | 8261 ||| Stepping randomly (stuck).
  8262 | D:9      | 8262 ||| Stepping randomly (stuck).
  8263 | D:9      | 8263 ||| Stepping randomly (stuck).
  8264 | D:9      | 8264 ||| Stepping randomly (stuck).
  8265 | D:9      | 8265 ||| Stepping randomly (stuck).
  8266 | D:9      | 8266 ||| Stepping randomly (stuck).
  8267 | D:9      | 8267 ||| Stepping randomly (stuck).
  8268 | D:9      | 8268 ||| Stepping randomly (stuck).
  8269 | D:9      | 8269 ||| Stepping randomly (stuck).
  8270 | D:9      | 8270 ||| Stepping randomly (stuck).
  8271 | D:9      | 8271 ||| Stepping randomly (stuck).
  8272 | D:9      | 8272 ||| Stepping randomly (stuck).
  8273 | D:9      | 8273 ||| Stepping randomly (stuck).
  8274 | D:9      | 8274 ||| Stepping randomly (stuck).
  8275 | D:9      | 8275 ||| Stepping randomly (stuck).
  8276 | D:9      | 8276 ||| Stepping randomly (stuck).
  8277 | D:9      | 8277 ||| Stepping randomly (stuck).
  8278 | D:9      | 8278 ||| Stepping randomly (stuck).
  8290 | D:9      | 8290 ||| Stepping randomly (stuck).
  8291 | D:9      | 8291 ||| Stepping randomly (stuck).
  8292 | D:9      | 8292 ||| Stepping randomly (stuck).
  8293 | D:9      | 8293 ||| Stepping randomly (stuck).
  8294 | D:9      | 8294 ||| Stepping randomly (stuck).
  8295 | D:9      | 8295 ||| Stepping randomly (stuck).
  8296 | D:9      | 8296 ||| Stepping randomly (stuck).
  8297 | D:9      | 8297 ||| Stepping randomly (stuck).
  8298 | D:9      | 8298 ||| Stepping randomly (stuck).
  8299 | D:9      | 8299 ||| Stepping randomly (stuck).
  8300 | D:9      | 8300 ||| Stepping randomly (stuck).
  8301 | D:9      | 8301 ||| Stepping randomly (stuck).
  8302 | D:9      | 8302 ||| Stepping randomly (stuck).
  8303 | D:9      | 8303 ||| Stepping randomly (stuck).
  8304 | D:9      | 8304 ||| Stepping randomly (stuck).
  8305 | D:9      | 8305 ||| Stepping randomly (stuck).
  8306 | D:9      | 8306 ||| Stepping randomly (stuck).
  8307 | D:9      | 8307 ||| Stepping randomly (stuck).
  8308 | D:9      | 8308 ||| Stepping randomly (stuck).
  8309 | D:9      | 8309 ||| Stepping randomly (stuck).
  8310 | D:9      | 8310 ||| Stepping randomly (stuck).
  8311 | D:9      | 8311 ||| Stepping randomly (stuck).
  8312 | D:9      | 8312 ||| Stepping randomly (stuck).
  8313 | D:9      | 8313 ||| Stepping randomly (stuck).
  8314 | D:9      | 8314 ||| Stepping randomly (stuck).
  8315 | D:9      | 8315 ||| Stepping randomly (stuck).
  8316 | D:9      | 8316 ||| Stepping randomly (stuck).
  8317 | D:9      | 8317 ||| Stepping randomly (stuck).
  8318 | D:9      | 8318 ||| Stepping randomly (stuck).
  8319 | D:9      | 8319 ||| Stepping randomly (stuck).
  8320 | D:9      | 8320 ||| Stepping randomly (stuck).
  8321 | D:9      | 8321 ||| Stepping randomly (stuck).
  8322 | D:9      | 8322 ||| Stepping randomly (stuck).
  8323 | D:9      | 8323 ||| Stepping randomly (stuck).
  8324 | D:9      | 8324 ||| Stepping randomly (stuck).
  8325 | D:9      | 8325 ||| Stepping randomly (stuck).
  8326 | D:9      | 8326 ||| Stepping randomly (stuck).
  8327 | D:9      | 8327 ||| Stepping randomly (stuck).
  8328 | D:9      | 8328 ||| Stepping randomly (stuck).
  8329 | D:9      | 8329 ||| Stepping randomly (stuck).
  8330 | D:9      | 8330 ||| Stepping randomly (stuck).
  8331 | D:9      | 8331 ||| Stepping randomly (stuck).
  8332 | D:9      | 8332 ||| Stepping randomly (stuck).
  8333 | D:9      | 8333 ||| Stepping randomly (stuck).
  8334 | D:9      | 8334 ||| Stepping randomly (stuck).
  8335 | D:9      | 8335 ||| Stepping randomly (stuck).
  8336 | D:9      | 8336 ||| Stepping randomly (stuck).
  8337 | D:9      | 8337 ||| Stepping randomly (stuck).
  8338 | D:9      | 8338 ||| Stepping randomly (stuck).
  8339 | D:9      | 8339 ||| Stepping randomly (stuck).
  8340 | D:9      | 8340 ||| Stepping randomly (stuck).
  8341 | D:9      | 8341 ||| Stepping randomly (stuck).
  8342 | D:9      | 8342 ||| Stepping randomly (stuck).
  8343 | D:9      | 8343 ||| Stepping randomly (stuck).
  8344 | D:9      | 8344 ||| Stepping randomly (stuck).
  8345 | D:9      | 8345 ||| Stepping randomly (stuck).
  8346 | D:9      | 8346 ||| Stepping randomly (stuck).
  8347 | D:9      | 8347 ||| Stepping randomly (stuck).
  8348 | D:9      | 8348 ||| Stepping randomly (stuck).
  8349 | D:9      | 8349 ||| Stepping randomly (stuck).
  8350 | D:9      | 8350 ||| Stepping randomly (stuck).
  8351 | D:9      | 8351 ||| Stepping randomly (stuck).
  8352 | D:9      | 8352 ||| Stepping randomly (stuck).
  8353 | D:9      | 8353 ||| Stepping randomly (stuck).
  8354 | D:9      | 8354 ||| Stepping randomly (stuck).
  8355 | D:9      | 8355 ||| Stepping randomly (stuck).
  8356 | D:9      | 8356 ||| Stepping randomly (stuck).
  8357 | D:9      | 8357 ||| Stepping randomly (stuck).
  8358 | D:9      | 8358 ||| Stepping randomly (stuck).
  8359 | D:9      | 8359 ||| Stepping randomly (stuck).
  8360 | D:9      | 8360 ||| Stepping randomly (stuck).
  8361 | D:9      | 8361 ||| Stepping randomly (stuck).
  8362 | D:9      | 8362 ||| Stepping randomly (stuck).
  8363 | D:9      | 8363 ||| Stepping randomly (stuck).
  8364 | D:9      | 8364 ||| Stepping randomly (stuck).
  8365 | D:9      | 8365 ||| Stepping randomly (stuck).
  8366 | D:9      | 8366 ||| Stepping randomly (stuck).
  8367 | D:9      | 8367 ||| Stepping randomly (stuck).
  8368 | D:9      | 8368 ||| Stepping randomly (stuck).
  8369 | D:9      | 8369 ||| Stepping randomly (stuck).
  8370 | D:9      | 8370 ||| Stepping randomly (stuck).
  8371 | D:9      | 8371 ||| Stepping randomly (stuck).
  8372 | D:9      | 8372 ||| Stepping randomly (stuck).
  8373 | D:9      | 8373 ||| Stepping randomly (stuck).
  8374 | D:9      | 8374 ||| Stepping randomly (stuck).
  8375 | D:9      | 8375 ||| Stepping randomly (stuck).
  8376 | D:9      | 8376 ||| Stepping randomly (stuck).
  8377 | D:9      | 8377 ||| Stepping randomly (stuck).
  8378 | D:9      | 8378 ||| Stepping randomly (stuck).
  8379 | D:9      | 8379 ||| Stepping randomly (stuck).
  8380 | D:9      | 8380 ||| Stepping randomly (stuck).
  8381 | D:9      | 8381 ||| Stepping randomly (stuck).
  8382 | D:9      | 8382 ||| Stepping randomly (stuck).
  8383 | D:9      | 8383 ||| Stepping randomly (stuck).
  8384 | D:9      | 8384 ||| Stepping randomly (stuck).
  8385 | D:9      | 8385 ||| Stepping randomly (stuck).
  8386 | D:9      | 8386 ||| Stepping randomly (stuck).
  8387 | D:9      | 8387 ||| Stepping randomly (stuck).
  8388 | D:9      | 8388 ||| Stepping randomly (stuck).
  8389 | D:9      | 8389 ||| Stepping randomly (stuck).
  8390 | D:9      | 8390 ||| Stepping randomly (stuck).
  8391 | D:9      | 8391 ||| Stepping randomly (stuck).
  8392 | D:9      | 8392 ||| Stepping randomly (stuck).
  8403 | D:9      | 8403 ||| Stepping randomly (stuck).
  8404 | D:9      | 8404 ||| Stepping randomly (stuck).
  8405 | D:9      | 8405 ||| Stepping randomly (stuck).
  8406 | D:9      | 8406 ||| Stepping randomly (stuck).
  8407 | D:9      | 8407 ||| Stepping randomly (stuck).
  8408 | D:9      | 8408 ||| Stepping randomly (stuck).
  8409 | D:9      | 8409 ||| Stepping randomly (stuck).
  8410 | D:9      | 8410 ||| Stepping randomly (stuck).
  8411 | D:9      | 8411 ||| Stepping randomly (stuck).
  8412 | D:9      | 8412 ||| Stepping randomly (stuck).
  8413 | D:9      | 8413 ||| Stepping randomly (stuck).
  8414 | D:9      | 8414 ||| Stepping randomly (stuck).
  8415 | D:9      | 8415 ||| Stepping randomly (stuck).
  8416 | D:9      | 8416 ||| Stepping randomly (stuck).
  8417 | D:9      | 8417 ||| Stepping randomly (stuck).
  8418 | D:9      | 8418 ||| Stepping randomly (stuck).
  8419 | D:9      | 8419 ||| Stepping randomly (stuck).
  8420 | D:9      | 8420 ||| Stepping randomly (stuck).
  8421 | D:9      | 8421 ||| Stepping randomly (stuck).
  8422 | D:9      | 8422 ||| Stepping randomly (stuck).
  8423 | D:9      | 8423 ||| Stepping randomly (stuck).
  8424 | D:9      | 8424 ||| Stepping randomly (stuck).
  8425 | D:9      | 8425 ||| Stepping randomly (stuck).
  8426 | D:9      | 8426 ||| Stepping randomly (stuck).
  8427 | D:9      | 8427 ||| Stepping randomly (stuck).
  8428 | D:9      | 8428 ||| Stepping randomly (stuck).
  8429 | D:9      | 8429 ||| Stepping randomly (stuck).
  8430 | D:9      | 8430 ||| Stepping randomly (stuck).
  8431 | D:9      | 8431 ||| Stepping randomly (stuck).
  8432 | D:9      | 8432 ||| Stepping randomly (stuck).
  8433 | D:9      | 8433 ||| Stepping randomly (stuck).
  8434 | D:9      | 8434 ||| Stepping randomly (stuck).
  8435 | D:9      | 8435 ||| Stepping randomly (stuck).
  8436 | D:9      | 8436 ||| Stepping randomly (stuck).
  8437 | D:9      | 8437 ||| Stepping randomly (stuck).
  8438 | D:9      | 8438 ||| Stepping randomly (stuck).
  8439 | D:9      | 8439 ||| Stepping randomly (stuck).
  8440 | D:9      | 8440 ||| Stepping randomly (stuck).
  8441 | D:9      | 8441 ||| Stepping randomly (stuck).
  8442 | D:9      | 8442 ||| Stepping randomly (stuck).
  8443 | D:9      | 8443 ||| Stepping randomly (stuck).
  8444 | D:9      | 8444 ||| Stepping randomly (stuck).
  8445 | D:9      | 8445 ||| Stepping randomly (stuck).
  8446 | D:9      | 8446 ||| Stepping randomly (stuck).
  8447 | D:9      | 8447 ||| Stepping randomly (stuck).
  8448 | D:9      | 8448 ||| Stepping randomly (stuck).
  8449 | D:9      | 8449 ||| Stepping randomly (stuck).
  8450 | D:9      | 8450 ||| Stepping randomly (stuck).
  8451 | D:9      | 8451 ||| Stepping randomly (stuck).
  8452 | D:9      | 8452 ||| Stepping randomly (stuck).
  8453 | D:9      | 8453 ||| Stepping randomly (stuck).
  8454 | D:9      | 8454 ||| Stepping randomly (stuck).
  8455 | D:9      | 8455 ||| Stepping randomly (stuck).
  8456 | D:9      | 8456 ||| Stepping randomly (stuck).
  8457 | D:9      | 8457 ||| Stepping randomly (stuck).
  8458 | D:9      | 8458 ||| Stepping randomly (stuck).
  8459 | D:9      | 8459 ||| Stepping randomly (stuck).
  8460 | D:9      | 8460 ||| Stepping randomly (stuck).
  8461 | D:9      | 8461 ||| Stepping randomly (stuck).
  8462 | D:9      | 8462 ||| Stepping randomly (stuck).
  8463 | D:9      | 8463 ||| Stepping randomly (stuck).
  8464 | D:9      | 8464 ||| Stepping randomly (stuck).
  8465 | D:9      | 8465 ||| Stepping randomly (stuck).
  8466 | D:9      | 8466 ||| Stepping randomly (stuck).
  8467 | D:9      | 8467 ||| Stepping randomly (stuck).
  8468 | D:9      | 8468 ||| Stepping randomly (stuck).
  8469 | D:9      | 8469 ||| Stepping randomly (stuck).
  8470 | D:9      | 8470 ||| Stepping randomly (stuck).
  8471 | D:9      | 8471 ||| Stepping randomly (stuck).
  8472 | D:9      | 8472 ||| Stepping randomly (stuck).
  8473 | D:9      | 8473 ||| Stepping randomly (stuck).
  8474 | D:9      | 8474 ||| Stepping randomly (stuck).
  8475 | D:9      | 8475 ||| Stepping randomly (stuck).
  8476 | D:9      | 8476 ||| Stepping randomly (stuck).
  8477 | D:9      | 8477 ||| Stepping randomly (stuck).
  8478 | D:9      | 8478 ||| Stepping randomly (stuck).
  8479 | D:9      | 8479 ||| Stepping randomly (stuck).
  8480 | D:9      | 8480 ||| Stepping randomly (stuck).
  8481 | D:9      | 8481 ||| Stepping randomly (stuck).
  8482 | D:9      | 8482 ||| Stepping randomly (stuck).
  8483 | D:9      | 8483 ||| Stepping randomly (stuck).
  8484 | D:9      | 8484 ||| Stepping randomly (stuck).
  8485 | D:9      | 8485 ||| Stepping randomly (stuck).
  8486 | D:9      | 8486 ||| Stepping randomly (stuck).
  8487 | D:9      | 8487 ||| Stepping randomly (stuck).
  8488 | D:9      | 8488 ||| Stepping randomly (stuck).
  8489 | D:9      | 8489 ||| Stepping randomly (stuck).
  8490 | D:9      | 8490 ||| Stepping randomly (stuck).
  8491 | D:9      | 8491 ||| Stepping randomly (stuck).
  8492 | D:9      | 8492 ||| Stepping randomly (stuck).
  8493 | D:9      | 8493 ||| Stepping randomly (stuck).
  8494 | D:9      | 8494 ||| Stepping randomly (stuck).
  8495 | D:9      | 8495 ||| Stepping randomly (stuck).
  8496 | D:9      | 8496 ||| Stepping randomly (stuck).
  8497 | D:9      | 8497 ||| Stepping randomly (stuck).
  8498 | D:9      | 8498 ||| Stepping randomly (stuck).
  8499 | D:9      | 8499 ||| Stepping randomly (stuck).
  8500 | D:9      | 8500 ||| Stepping randomly (stuck).
  8501 | D:9      | 8501 ||| Stepping randomly (stuck).
  8502 | D:9      | 8502 ||| Stepping randomly (stuck).
  8503 | D:9      | 8503 ||| Stepping randomly (stuck).
  8504 | D:9      | 8504 ||| Stepping randomly (stuck).
  8505 | D:9      | 8505 ||| Stepping randomly (stuck).
  8506 | D:9      | 8506 ||| Stepping randomly (stuck).
  8507 | D:9      | 8507 ||| Stepping randomly (stuck).
  8508 | D:9      | 8508 ||| Stepping randomly (stuck).
  8509 | D:9      | 8509 ||| Stepping randomly (stuck).
  8510 | D:9      | 8510 ||| Stepping randomly (stuck).
  8511 | D:9      | 8511 ||| Stepping randomly (stuck).
  8512 | D:9      | 8512 ||| Stepping randomly (stuck).
  8513 | D:9      | 8513 ||| Stepping randomly (stuck).
  8514 | D:9      | 8514 ||| Stepping randomly (stuck).
  8515 | D:9      | 8515 ||| Stepping randomly (stuck).
  8516 | D:9      | 8516 ||| Stepping randomly (stuck).
  8517 | D:9      | 8517 ||| Stepping randomly (stuck).
  8518 | D:9      | 8518 ||| Stepping randomly (stuck).
  8519 | D:9      | 8519 ||| Stepping randomly (stuck).
  8520 | D:9      | 8520 ||| Stepping randomly (stuck).
  8521 | D:9      | 8521 ||| Stepping randomly (stuck).
  8522 | D:9      | 8522 ||| Stepping randomly (stuck).
  8523 | D:9      | 8523 ||| Stepping randomly (stuck).
  8524 | D:9      | 8524 ||| Stepping randomly (stuck).
  8525 | D:9      | 8525 ||| Stepping randomly (stuck).
  8526 | D:9      | 8526 ||| Stepping randomly (stuck).
  8527 | D:9      | 8527 ||| Stepping randomly (stuck).
  8528 | D:9      | 8528 ||| Stepping randomly (stuck).
  8529 | D:9      | 8529 ||| Stepping randomly (stuck).
  8530 | D:9      | 8530 ||| Stepping randomly (stuck).
  8531 | D:9      | 8531 ||| Stepping randomly (stuck).
  8532 | D:9      | 8532 ||| Stepping randomly (stuck).
  8533 | D:9      | 8533 ||| Stepping randomly (stuck).
  8534 | D:9      | 8534 ||| Stepping randomly (stuck).
  8535 | D:9      | 8535 ||| Stepping randomly (stuck).
  8536 | D:9      | 8536 ||| Stepping randomly (stuck).
  8537 | D:9      | 8537 ||| Stepping randomly (stuck).
  8538 | D:9      | 8538 ||| Stepping randomly (stuck).
  8539 | D:9      | 8539 ||| Stepping randomly (stuck).
  8540 | D:9      | 8540 ||| Stepping randomly (stuck).
  8541 | D:9      | 8541 ||| Stepping randomly (stuck).
  8542 | D:9      | 8542 ||| Stepping randomly (stuck).
  8543 | D:9      | 8543 ||| Stepping randomly (stuck).
  8544 | D:9      | 8544 ||| Stepping randomly (stuck).
  8545 | D:9      | 8545 ||| Stepping randomly (stuck).
  8546 | D:9      | 8546 ||| Stepping randomly (stuck).
  8547 | D:9      | 8547 ||| Stepping randomly (stuck).
  8548 | D:9      | 8548 ||| Stepping randomly (stuck).
  8549 | D:9      | 8549 ||| Stepping randomly (stuck).
  8550 | D:9      | 8550 ||| Stepping randomly (stuck).
  8551 | D:9      | 8551 ||| Stepping randomly (stuck).
  8552 | D:9      | 8552 ||| Stepping randomly (stuck).
  8553 | D:9      | 8553 ||| Stepping randomly (stuck).
  8554 | D:9      | 8554 ||| Stepping randomly (stuck).
  8555 | D:9      | 8555 ||| Stepping randomly (stuck).
  8556 | D:9      | 8556 ||| Stepping randomly (stuck).
  8557 | D:9      | 8557 ||| Stepping randomly (stuck).
  8558 | D:9      | 8558 ||| Stepping randomly (stuck).
  8559 | D:9      | 8559 ||| Stepping randomly (stuck).
  8560 | D:9      | 8560 ||| Stepping randomly (stuck).
  8561 | D:9      | 8561 ||| Stepping randomly (stuck).
  8562 | D:9      | 8562 ||| Stepping randomly (stuck).
  8563 | D:9      | 8563 ||| Stepping randomly (stuck).
  8564 | D:9      | 8564 ||| Stepping randomly (stuck).
  8565 | D:9      | 8565 ||| Stepping randomly (stuck).
  8566 | D:9      | 8566 ||| Stepping randomly (stuck).
  8567 | D:9      | 8567 ||| Stepping randomly (stuck).
  8568 | D:9      | 8568 ||| Stepping randomly (stuck).
  8569 | D:9      | 8569 ||| Stepping randomly (stuck).
  8570 | D:9      | 8570 ||| Stepping randomly (stuck).
  8571 | D:9      | 8571 ||| Stepping randomly (stuck).
  8572 | D:9      | 8572 ||| Stepping randomly (stuck).
  8573 | D:9      | 8573 ||| Stepping randomly (stuck).
  8574 | D:9      | 8574 ||| Stepping randomly (stuck).
  8575 | D:9      | 8575 ||| Stepping randomly (stuck).
  8576 | D:9      | 8576 ||| Stepping randomly (stuck).
  8577 | D:9      | 8577 ||| Stepping randomly (stuck).
  8578 | D:9      | 8578 ||| Stepping randomly (stuck).
  8579 | D:9      | 8579 ||| Stepping randomly (stuck).
  8580 | D:9      | 8580 ||| Stepping randomly (stuck).
  8581 | D:9      | 8581 ||| Stepping randomly (stuck).
  8582 | D:9      | Quit the game

Levels and vault maps discovered:
D:1:      wander_arrival_lonely_grave, layout_basic, serial_shops, shop
D:2:      layout_basic, minmay_lizard_pond
D:3:      layout_loops_ring, lemuel_doored_altar,
          hellmonk_ecumenical_altar_leap_of_faith, roderic_batcave,
          minmay_misc_feat_nine_boxes, kennysheep_generic_room_13
D:4:      layout_gridville, uniq_ijyb, uniq_blork_the_orc, uniq_eustachio
D:5:      layout_basic, serial_bayou, serial_bayou_ford_a,
          serial_bayou_lagoon_a, serial_bayou_shore_a, serial_bayou_pond_b,
          serial_shops, kennysheep_mini, bh_walls_and_bars
D:6:      layout_basic, lemuel_mausoleum_altar_kikubaaqudgha, fountainhead,
          kennysheep_flooded_box, chequers_jeans, uniq_duvessa
D:7:      layout_loops_ring, ashenzari_altar_1, minmay_temple_entry_butterflies,
          enter_bailey_5, ebering_ghost_disaster_area, uniq_pikel
D:8:      layout_cave_pools, uniq_grum, uniq_maurice
D:9:      corexii_shack_village, layout_long_grid,
          mainiacjoe_overflow_concentric_impassable, serial_shops,
          nicolae_shop_trees
Temple:   nicolae_temple_bog_church

Skill      XL: |  1  2  3  4  5  6  7  8  9 10 |
---------------+-------------------------------+-----
Axes           | 2 3 4 5 6 7 9 10 | 10.0
Throwing       | 1 |  1.0
Shields        | 4 6 7 8 9 |  9.1
Fighting       | 4 5 6 8 |  8.0
Dodging        | 2 |  2.1
Armour         | 4 6 |  6.0

Action                   |  1- 3 |  4- 6 |  7- 9 | 10-12 || total
-------------------------+-------+-------+-------+-------++-------
Melee: War axe           |   128 |   122 |   263 |   160 ||   673
Throw: Javelin           |    13 |    22 |     9 |       ||    44
       Boomerang         |       |       |    30 |    25 ||    55
  Use: Scroll            |     5 |     8 |    10 |     8 ||    31
       Potion            |     1 |     1 |     1 |       ||     3
Armor: Scale mail        |    69 |    36 |       |       ||   105
       Chain mail        |       |    16 |   113 |    77 ||   206
Dodge: Dodged            |    62 |    74 |    92 |    61 ||   289
Block: Buckler           |    25 |     6 |       |       ||    31
       Kite shield       |       |    15 |   127 |    98 ||   240

Table legend:
 A = Non-vault XP
 B = Vault XP
 C = Vault XP percentage of total XP
 D = Non-vault monster count
 E = Vault monster count
 F = Vault count percentage of total count
                 A         B        C        D         E       F
            +---------+---------+-------+---------+---------+-------
      Total |    5428 |    2706 |  33.3 |     162 |      55 |  25.3
            +---------+---------+-------+---------+---------+-------
        D:1 |      52 |       0 |   0.0 |      27 |       0 |   0.0
        D:2 |      30 |       6 |  16.7 |      15 |       6 |  28.6
        D:3 |     157 |      12 |   7.1 |      18 |       9 |  33.3
        D:4 |     496 |     339 |  40.6 |      16 |       3 |  15.8
        D:5 |     991 |      11 |   1.1 |      10 |       1 |   9.1
        D:6 |    1004 |     738 |  42.4 |      21 |      14 |  40.0
        D:7 |     682 |     636 |  48.3 |      17 |       5 |  22.7
        D:8 |     864 |     935 |  52.0 |      21 |       5 |  19.2
        D:9 |    1152 |      29 |   2.5 |      17 |      12 |  41.4
            +---------+---------+-------+---------+---------+-------
